 Dungeon Crawl Stone Soup version 0.30-a0-591-g3c58d2bc28 (webtiles) character file.

Game seed: 11641318930548212963

143648 Foxy the Cutthroat (level 18, -4/119 HPs)
             Began as a Kobold Brigand on Jan 4, 2023.
             Was the Champion of Dithmenos.
             Slain by a nagaraja
             ... wielding a +0 spear
              (10 damage)
             ... on level 3 of the Snake Pit.
             The game lasted 01:15:33 (32318 turns).

Foxy the Cutthroat (Kobold Brigand)                Turns: 32318, Time: 01:15:34

Health: -4/119     AC: 20    Str:  8    XL:     18   Next: 0%
Magic:  29/29      EV: 22    Int: 16    God:    Dithmenos [******]
Gold:   2086       SH:  5    Dex: 21    Spells: 20/23 levels left

rFire   . . .      SeeInvis +    X - +3 rapier (elec)
rCold   + . .      Faith    .    (no shield)
rNeg    . . .      Spirit   .    Q - +2 ring mail {rPois}
rPois   +          Reflect  +    b - +2 helmet {SInv}
rElec   .          Harm     .    k - +2 cloak
rCorr   +          Rampage  .    h - +2 pair of gloves {hurl}
Will    +....                    (no boots)
Stlth   +++++++                  S - amulet "Bulerch" {Reflect rC+ SH+5}
HPRegen 0.39/turn                U - +4 ring of slaying
MPRegen 0.21/turn                a - ring of Temptation {rCorr AC+4}

@: lethally poisoned (-4 -> -17), wreathed by umbra, very slow
A: small, no large weapons, nightstalker 3
a: Renounce Religion, Shadow Step, Shadow Form


You were on level 3 of the Snake Pit.
You worshipped Dithmenos.
Dithmenos was exalted by your worship.
You visited 5 branches of the dungeon, and saw 26 of its levels.
You also visited: Gauntlet and Ice Cave.

You collected 3437 gold pieces.
You spent 1351 gold pieces at shops.

Inventory:

Hand Weapons
 f - a +2 scimitar of flaming
 X - a +3 rapier of electrocution (weapon)
Missiles
 c - 11 atropa-tipped darts
 d - 35 poisoned darts
 e - 8 curare-tipped darts (quivered)
 r - 5 throwing nets
 N - 2 silver boomerangs
 T - a boomerang of dispersal
Armour
 b - a +2 helmet of see invisible (worn)
 h - a +2 pair of gloves of hurling (worn)
 k - a +2 cloak (worn)
 F - +0 fire dragon scales
 I - a +2 robe of willpower
 O - a +0 troll leather armour
 Q - a +2 ring mail of poison resistance (worn)
Jewellery
 a - the ring of Temptation (right hand) {rCorr AC+4}
   (You bought it in a shop on level 2 of the Orcish Mines)

   [ring of protection]

   AC:        It affects your AC (+4).
   rCorr:     It protects you from acid and corrosion.
 p - a ring of willpower
 S - the amulet "Bulerch" (around neck) {Reflect rC+ SH+5}
   (You found it in an ice cave)

   [amulet of reflection]

   It reflects blocked missile attacks.
   rC:        It protects you from cold.
   SH:        It affects your SH (+5).
 U - a +4 ring of slaying (left hand)
 Z - the amulet "Ulanen" {rC+ Regen+}
   (You found it on level 5 of the Lair of Beasts)

   [amulet of regeneration]

   rC:        It protects you from cold.
   Regen:     It increases your rate of health regeneration.
Wands
 y - a wand of flame (78)
 B - a wand of roots (13)
 D - a wand of charming (11)
 E - a wand of digging (13)
 K - a wand of acid (2)
 W - a wand of polymorph (7)
Scrolls
 i - 3 scrolls of vulnerability
 m - 2 scrolls of immolation
 n - 15 scrolls of teleportation
 v - 2 scrolls of blinking
 x - 3 scrolls of poison
 z - 3 scrolls of fear
 A - 6 scrolls of fog
 R - a scroll of butterflies
Potions
 g - 5 potions of cancellation
 j - a potion of invisibility
 l - 13 potions of curing
 o - 4 potions of magic
 q - 6 potions of lignification
 t - 4 potions of heal wounds
 u - a potion of berserk rage
 w - 6 potions of attraction
 J - 4 potions of brilliance {unknown}
 L - 5 potions of haste
 M - 4 potions of might
 P - a potion of flight
 V - a potion of mutation {unknown}
Miscellaneous
 s - a tin of tremorstones (2/2)
 C - a phantom mirror
 G - a condenser vane


   Skills:
 - Level 15.0 Fighting
 - Level 22.0 Short Blades
 - Level 2.1 Throwing
 - Level 16.0 Dodging
 - Level 15.0 Stealth
 - Level 3.0 Spellcasting
 - Level 5.0 Hexes
 + Level 14.7 Invocations
 - Level 10.0 Evocations


You had 20 spell levels left.
You knew the following spells:

 Your Spells              Type           Power      Damage    Failure   Level
a - Confusing Touch       Hex            18%        N/A       22%         3

Your spell library contained the following spells:

 Spells                   Type           Power      Damage    Failure   Level
 Slow                     Hex            72%        N/A       8%          1
 Tukima's Dance           Hex            18%        N/A       22%         3
 Magic Dart               Conj           8%         1d3       50%         1
 Sandblast                Erth           4%         2d4       50%         1
 Inner Flame              Hex/Fire       10%        N/A       52%         3
 Portal Projectile        Hex/Tloc       20%        N/A       52%         3
 Summon Guardian Golem    Hex/Summ       10%        N/A       52%         3
 Blink                    Tloc           4%         N/A       65%         2
 Momentum Strike          Conj/Tloc      4%         3d8       65%         2
 Passwall                 Tmut/Erth      1%         N/A       65%         2
 Searing Ray              Conj           4%         2d4       65%         2
 Static Discharge         Conj/Air       4%         2-3/arc   65%         2
 Sublimation of Blood     Necr           2%         N/A       65%         2
 Call Canine Familiar     Summ           2%         N/A       86%         3
 Kindle Blastsparks       Fire/Tloc/Air  4%         2d10      86%         3
 Lesser Beckoning         Tloc           4%         N/A       86%         3
 Stone Arrow              Conj/Erth      4%         3d7       86%         3
 Vampiric Draining        Necr           2%         2d6       86%         3
 Vhi's Electric Charge    Tloc/Air       4%         N/A       86%         3
 Fulminant Prism          Conj/Hex       5%         3d7       90%         4
 Leda's Liquefaction      Hex/Erth       5%         N/A       90%         4
 Flame Wave               Conj/Fire      2%         2d4       99%         4
 Iskenderun's Mystic Bla  Conj/Tloc      2%         2d3       99%         4
 Manifold Assault         Tloc           2%         N/A       99%         4
 Olgreb's Toxic Radiance  Pois           2%         N/A       99%         4
 Passage of Golubria      Tloc           2%         N/A       99%         4
 Petrify                  Tmut/Erth      2%         N/A       99%         4
 Sticky Flame             Conj/Fire      2%         2d3       99%         4
 Summon Lightning Spire   Summ/Air       2%         N/A       99%         4
 Yara's Violent Unravell  Hex/Tmut       5%         3d4       99%         5
 Alistair's Intoxication  Tmut/Pois      1%         N/A       100%        5
 Arcjolt                  Conj/Air       1%         1d11      100%        5
 Blade Hands              Tmut           1%         N/A       100%        5
 Fireball                 Conj/Fire      1%         3d3       100%        5
 Irradiate                Conj/Tmut      1%         3d12      100%        5
 Iskenderun's Battlesphe  Conj           2%         2d6       100%        5
 Lee's Rapid Deconstruct  Erth           1%         3d4*      100%        5
 Lightning Bolt           Conj/Air       1%         1d12      100%        5
 Conjure Ball Lightning   Conj/Air       1%         3x3d6     100%        6
 Summon Cactus Giant      Summ           1%         N/A       100%        6
 Orb of Destruction       Conj           1%         9d5       100%        7
 Spellforged Servitor     Conj/Summ      1%         N/A       100%        7
 Storm Form               Tmut/Air       1%         N/A       100%        7
 Discord                  Hex            9%         N/A       100%        8
 Disjunction              Tloc           1%         N/A       100%        8


Dungeon Overview and Level Annotations

Branches:
Dungeon (15/15)            Temple (1/1) D:6            Lair (5/5) D:9
 Shoals (0/4) Lair:3        Snake (3/4) Lair:2        Slime (0/5) Lair:5
    Orc (2/2) D:12            Elf (0/3) Orc:2        Vaults (0/5) D:13
 Depths (0/4) D:15          IceCv (visited)         Gauntlet (visited)

Altars:
Ashenzari
Dithmenos
Elyvilon
Fedhas
Gozag
Hepliaklqana
Kikubaaqudgha
Makhleb
Nemelex Xobeh
Okawaru
Sif Muna
Uskayaw
Vehumet
Xom
Yredelemnul
Jiyva

Shops:
D:4 *   D:6 :   D:7 [   D:10 [   Orc:2 *(?=   Snake:2 ([:

Portals:
Pandemonium: Orc:2

Annotations:
D:4 Menkaure
Snake:3 Bai Suzhen


Innate Abilities, Weirdness & Mutations

You are small and have problems with some larger weapons.
You are completely attuned to the shadows.


Message History

The salamander hits you but does no damage.
Unknown command.
Aiming: Fastroot
Press: ? - help, Shift-Dir - straight line, p - plant The roots erupt in riotous growth!
Roots grab the salamander.
The nagaraja is unaffected.
The grasping roots constrict the plant!
The grasping roots constrict the nagaraja!
The grasping roots constrict the salamander!
You feel sick.
You hear an angry hiss.
You hear a shout!
You block the nagaraja's attack. The nagaraja constricts you.
You block the salamander's attack. The nagaraja spits poison at you.
The splash of poison hits you. You resist. The nagaraja constricts you.
Unknown command.
You hit the nagaraja but do no damage.
The nagaraja is moderately wounded.
Your shadow barely misses the nagaraja.
The grasping roots constrict the plant.
The grasping roots constrict the nagaraja!
The grasping roots constrict the salamander.
You feel sick. You block the salamander's attack.
The nagaraja hits you with a +0 spear! The nagaraja constricts you.
You escape the nagaraja's grasp.
The grasping roots constrict the plant.
The grasping roots constrict the nagaraja!!
The grasping roots constrict the salamander!!
You feel sick.
The roots release their grip on the plant.
A nearby plant withers and dies.
The nagaraja gestures at you while chanting.
The poison arrow hits you!
You are more poisoned.
You partially resist.
* * * LOW HITPOINT WARNING * * *
The salamander hits you with a +3 halberd.
* * * LOW HITPOINT WARNING * * *
You are engulfed in flames!
* * * LOW HITPOINT WARNING * * *
You emit a cloud of dark smoke.
The nagaraja hits you with a +0 spear!
You die...

#..###..N## .............###
...# ...# ###........## ..##
N.# #.......## .## ..
...~~~~~~~~P.### .#
##..#.~~..~~~~~~~..### .##..
#...#~~..~~~~.†~~....## ###...
#....~!.~†~~..~~~.....#### #
#..###....~.~§§§.~~..~......##.
#
#..##.....~.†~@N.~~~.~.........
#
#..)....##~..§.N~~~~.~##.......
###.......##)~..~~~~~ .........
.#........#.~~~.~~~~. #........
............~~~~~~~.. ........
............P~~~~~ .......
......... ....... .......
....... ......
############.....


You could see a nagaraja (fast, rooted) and a salamander (rooted).

Vanquished Creatures
  An azure jelly (IceCv)
  A rockslime (IceCv)
  4 quicksilver oozes (IceCv)
  3 dire elephants (Lair:5)
  A fire dragon (D:15)
  An ice dragon (D:15)
  An ogre mage (D:12)
  4 hydras
  A catoblepas (Lair:4)
  2 demonspawn (Orc:2)
  A vault guard (D:13)
  7 centaur warriors
  A boulder beetle (D:15)
  5 anacondas
  6 two-headed ogres
  6 naga warriors
  3 tengu warriors (D:13)
  9 death yaks
  A spectral dire elephant (Lair:5)
  8 naga sharpshooters
  3 orc high priests (Orc:2)
  4 shock serpents
  A spectral death yak (Lair:5)
  A spectral anaconda (Lair:5)
  A salamander mystic (Snake:3)
  6 sea snakes
  3 naga ritualists
  A wizard (D:15)
  5 orc knights
  An obsidian statue (Lair:5)
  Pikel (D:7)
  4 necromancers (Lair:5)
  3 ugly things
  8 orc sorcerers (Orc:2)
  8 cyclopes
  7 salamanders
  4 mana vipers
  19 elephants
  A moth of wrath (Gauntlet)
  8 naga magi
  2 torpor snails
  23 black mambas
  A gargoyle (D:11)
  12 cane toads
  An unseen horror (D:12)
  A kobold demonologist (D:11)
  2 rime drakes (shapeshifter) (D:15)
  2 rime drakes
  7 komodo dragons
  An ice devil (Orc:2)
  3 freezing wraiths (D:15)
  8 trolls
  2 polar bears
  A snapping turtle (Lair:3)
  A blink frog (shapeshifter) (D:14)
  7 blink frogs
  20 slime creatures
  5 flying skulls (Gauntlet)
  A dire elephant simulacrum (Lair:5)
  A shadow (D:9)
  Sigmund (D:3)
  59 yaks
  3 wyverns
  A vampire (D:10)
  3 basilisks
  3 vampire mosquitoes (D:10)
  A death yak simulacrum (Lair:5)
  A warg (Orc:1)
  2 spectral cane toads (Lair:5)
  14 nagas
  28 water moccasins
  Edmund (D:4)
  2 acid dragons
  Duvessa (D:4)
  4 elephant zombies (Lair:5)
  33 orc warriors
  A sky beast (D:7)
  2 black bears
  A swamp drake (D:12)
  8 ogres
  A great orb of eyes simulacrum (IceCv)
  2 elephant skeletons (Lair:5)
  13 centaurs
  17 wolves
  4 slime creature simulacra (IceCv)
  3 phantoms
  A lemure (D:7)
  3 kobold brigands
  A necrophage (D:4)
  12 bullfrogs
  6 glowing shapeshifter simulacra (IceCv)
  A cane toad simulacrum (Lair:5)
  3 scorpions
  2 gnoll sergeants (D:9)
  8 wights
  Dowan (D:4)
  16 killer bees
  9 electric eels
  2 howler monkeys
  3 lava snakes (Lair:2)
  A hound (D:5)
  9 jellies
  18 orc priests
  3 iguanas (D:5)
  4 hell rats (Lair:2)
  17 orc wizards
  10 gnolls
  11 adders
  6 river rats (Lair:2)
  A white imp (D:7)
  A worm (D:4)
  5 dart slugs
  82 orcs
  7 ball pythons
  11 bats
  7 endoplasms
  4 giant cockroaches
  10 goblins
  11 hobgoblins
  2 jackals (D:2)
  3 quokkas
  3 frilled lizards
  16 kobolds
  12 rats
787 creatures vanquished.

Vanquished Creatures (collateral kills)
  A basilisk (D:9)
  2 redbacks (Gauntlet)
  A wight (D:9)
4 creatures vanquished.

Vanquished Creatures (others)
  An efreet (D:13)
  A redback (Gauntlet)
  An orc wizard (D:4)
  21 fungi
  56 plants
  4 toadstools (D:7)
  18 withered plants (Lair:5)
102 creatures vanquished.

Grand Total: 893 creatures vanquished

Notes
Turn   | Place    | Note
-------+----------+-------------------------------------------
     0 | D:1      | Foxy the Kobold Brigand began the quest for the Orb.
     0 | D:1      | Reached XP level 1. HP: 12/12 MP: 1/1
   129 | D:1      | Reached skill level 3 in Short Blades
   146 | D:1      | Reached XP level 2. HP: 18/18 MP: 2/2
   315 | D:1      | Reached XP level 3. HP: 22/22 MP: 3/3
   354 | D:1      | Found a faded altar of an unknown god.
   803 | D:2      | Reached XP level 4. HP: 27/27 MP: 4/4
   943 | D:2      | Reached skill level 4 in Short Blades
  1247 | D:3      | Noticed Sigmund
  1249 | D:3      | Killed Sigmund
  1250 | D:3      | Reached skill level 5 in Short Blades
  1250 | D:3      | Reached XP level 5. HP: 32/32 MP: 5/5
  1250 | D:3      | Reached XP level 6. HP: 37/37 MP: 6/6
  1507 | D:3      | Learned a level 3 spell: Confusing Touch
  1860 | D:4      | Noticed Dowan
  1960 | D:4      | Found Ciesm's Serpentskin Sales.
  2020 | D:4      | Found a shimmering altar of Xom.
  2021 | D:4      | Found a hazy altar of Hepliaklqana.
  2023 | D:4      | Noticed a spectral ugly thing
  2458 | D:4      | Reached XP level 7. HP: 29/42 MP: 7/7
  2464 | D:4      | Reached skill level 6 in Short Blades
  2683 | D:4      | Reached skill level 7 in Short Blades
  2775 | D:4      | Noticed Menkaure
  2815 | D:5      | Entered Level 5 of the Dungeon
  2891 | D:5      | Reached XP level 8. HP: 48/48 MP: 8/8
  3025 | D:5      | Reached skill level 5 in Fighting
  3025 | D:5      | Reached skill level 8 in Short Blades
  3025 | D:5      | Reached skill level 5 in Dodging
  3193 | D:5      | Identified the +2 flail of Pain and Death {protect, Int+2}
  3886 | D:4      | Noticed Duvessa
  3911 | D:4      | Killed Duvessa
  3912 | D:4      | Reached skill level 9 in Short Blades
  3912 | D:4      | Reached XP level 9. HP: 33/54 MP: 9/9
  3924 | D:4      | Killed Dowan
  4019 | D:4      | Noticed Edmund
  4038 | D:4      | Killed Edmund
  4940 | D:6      | Found a staircase to the Ecumenical Temple.
  4946 | Temple   | Entered the Ecumenical Temple
  4968 | Temple   | Became a worshipper of Dithmenos the Shadowed
  5003 | D:6      | Reached skill level 10 in Short Blades
  5158 | D:6      | Found Zeilun's Book Emporium.
  5998 | D:7      | Reached skill level 11 in Short Blades
  5998 | D:7      | Reached XP level 10. HP: 13/61 MP: 10/10
  6132 | D:7      | Found Vomy's Armour Shoppe.
  6188 | D:7      | Reached skill level 10 in Stealth
  6526 | D:7      | Found a hide-covered altar of Uskayaw.
  6588 | D:7      | Noticed Pikel
  6653 | D:7      | Killed Pikel
  7141 | D:8      | Reached skill level 12 in Short Blades
  7666 | D:9      | Found a staircase to the Lair.
  8090 | D:8      | Reached * piety under Dithmenos
  8121 | D:9      | Reached skill level 13 in Short Blades
  8121 | D:9      | Reached XP level 11. HP: 68/68 MP: 11/11
  8452 | D:8      | Reached skill level 1 in Spellcasting
  8452 | D:8      | Reached skill level 1 in Hexes
  9139 | D:9      | Reached ** piety under Dithmenos
 10034 | D:10     | Entered Level 10 of the Dungeon
 10228 | D:10     | Found Zesmuez's Antique Armour Emporium.
 10950 | D:10     | Reached *** piety under Dithmenos
 11130 | D:11     | Reached XP level 12. HP: 76/76 MP: 16/16
 11658 | D:11     | Reached skill level 5 in Hexes
 11939 | D:11     | Noticed a two-headed ogre
 11943 | D:11     | Killed a two-headed ogre
 12119 | D:12     | Reached skill level 10 in Dodging
 12277 | D:12     | Noticed a two-headed ogre
 12279 | D:12     | Noticed an ogre mage
 12280 | D:12     | Noticed a two-headed ogre
 12281 | D:12     | Killed a two-headed ogre
 12282 | D:12     | Noticed a two-headed ogre
 12284 | D:12     | Killed an ogre mage
 12656 | D:12     | Reached skill level 15 in Stealth
 12685 | D:12     | Killed a two-headed ogre
 12686 | D:12     | Reached skill level 10 in Fighting
 12686 | D:12     | Reached skill level 1 in Invocations
 12686 | D:12     | Reached skill level 1 in Evocations
 12754 | D:12     | Reached **** piety under Dithmenos
 13084 | D:12     | Identified the +1 animal skin of the Final Xeniums {Regen+
                  | Str+3 Int-2}
 13168 | D:12     | Found a staircase to the Orcish Mines.
 13442 | D:12     | Killed a two-headed ogre
 13686 | D:13     | Noticed a centaur warrior
 13717 | D:13     | Killed a centaur warrior
 13718 | D:13     | Reached XP level 13. HP: 15/83 MP: 17/17
 13768 | D:13     | Identified 2 scrolls of acquirement
 13805 | D:13     | Found a gate leading to a gauntlet.
 13822 | Gauntlet | Entered a Gauntlet
 13822 | Gauntlet | Found a large runed translucent door.
 13822 | Gauntlet | Found a large runed translucent door.
 13822 | Gauntlet | Found a large runed translucent door.
 13822 | Gauntlet | Found a large runed translucent door.
 13833 | Gauntlet | Found a transporter.
 13833 | Gauntlet | Found a transporter.
 13852 | Gauntlet | Found a transporter.
 13852 | Gauntlet | Found a transporter.
 13869 | Gauntlet | Found a transporter.
 13921 | Gauntlet | Found a transporter.
 13933 | Gauntlet | Found a large runed translucent door.
 13933 | Gauntlet | Found a large runed translucent door.
 13934 | Gauntlet | Found a large runed translucent door.
 13935 | Gauntlet | Found a large runed translucent door.
 13939 | Gauntlet | Noticed a catoblepas
 13947 | Gauntlet | Found a transporter.
 13947 | Gauntlet | Found a transporter.
 13964 | Gauntlet | Found a transporter.
 13964 | Gauntlet | Found a transporter.
 13972 | Gauntlet | Noticed an entropy weaver
 13982 | Gauntlet | Found a transporter.
 14029 | Gauntlet | Found a runed translucent gate.
 14030 | Gauntlet | Found a runed translucent gate.
 14031 | Gauntlet | Found a runed translucent gate.
 14034 | Gauntlet | Found a large runed translucent door.
 14034 | Gauntlet | Found a large runed translucent door.
 14035 | Gauntlet | Found a large runed translucent door.
 14036 | Gauntlet | Found a large runed translucent door.
 14037 | Gauntlet | Found a large runed translucent door.
 14037 | Gauntlet | Found a large runed translucent door.
 14038 | Gauntlet | Found a large runed translucent door.
 14039 | Gauntlet | Found a large runed translucent door.
 14047 | Gauntlet | Found a transporter.
 14050 | Gauntlet | Found a runed translucent door.
 14050 | Gauntlet | Found a runed translucent door.
 14312 | Gauntlet | Identified the amulet of Icenkomi {Reflect Harm Fly rF-
                  | rC++ rN+ SH+5}
 14380 | Gauntlet | Noticed a minotaur
 14413 | D:13     | Reached XP level 14. HP: 88/88 MP: 18/18
 14414 | D:13     | Acquired 897 gold pieces
 14416 | D:13     | Acquired a manual of Short Blades
 14586 | D:13     | Reached skill level 5 in Evocations
 14637 | D:13     | Found a gate to the Vaults.
 16300 | Lair:1   | Entered Level 1 of the Lair of Beasts
 16389 | D:10     | Bought a runed cloak for 195 gold pieces
 17101 | Lair:1   | Reached ***** piety under Dithmenos
 18035 | Lair:2   | Found a staircase to the Snake Pit.
 18209 | Lair:3   | Reached XP level 15. HP: 95/95 MP: 21/21
 18211 | Lair:3   | Reached skill level 15 in Dodging
 18646 | Lair:3   | Reached skill level 10 in Invocations
 18979 | Lair:3   | Found a staircase to the Shoals.
 18983 | Lair:3   | Reached skill level 14 in Short Blades
 19035 | Lair:3   | Reached skill level 15 in Short Blades
 19501 | Lair:4   | Reached skill level 16 in Short Blades
 19669 | Lair:4   | Reached skill level 17 in Short Blades
 20055 | Lair:4   | Reached skill level 18 in Short Blades
 20530 | Lair:5   | Entered Level 5 of the Lair of Beasts
 20603 | Lair:5   | Reached skill level 19 in Short Blades
 20726 | Lair:5   | Found a viscous altar of Jiyva.
 20735 | Lair:5   | Found a staircase to the Slime Pits.
 20835 | Lair:5   | Reached ****** piety under Dithmenos
 21576 | Lair:5   | Reached skill level 20 in Short Blades
 21831 | Lair:5   | Identified the amulet "Ulanen" {rC+ Regen+}
 21959 | Lair:5   | Reached XP level 16. HP: 43/104 MP: 23/23
 22899 | D:15     | Entered Level 15 of the Dungeon
 23158 | D:15     | Found a frozen archway.
 23171 | IceCv    | Entered an ice cave
 23393 | IceCv    | Noticed an azure jelly
 23418 | IceCv    | Killed an azure jelly
 23431 | IceCv    | Found a viscous altar of Jiyva.
 23434 | IceCv    | Noticed a rockslime
 23434 | IceCv    | Noticed an azure jelly
 23471 | IceCv    | Killed a rockslime
 23472 | IceCv    | Reached skill level 15 in Fighting
 23509 | IceCv    | Identified the amulet "Bulerch" {Reflect rC+ SH+5}
 23861 | D:15     | Found a shimmering blue altar of Sif Muna.
 24020 | D:15     | Reached skill level 21 in Short Blades
 24306 | D:15     | Found a staircase to the Depths.
 24583 | Orc:1    | Entered Level 1 of the Orcish Mines
 24768 | Orc:2    | Entered Level 2 of the Orcish Mines
 24914 | Orc:2    | Found a radiant altar of Vehumet.
 25915 | Orc:2    | Found a staircase to the Elven Halls.
 25946 | Orc:2    | Found Korar's General Store.
 26094 | Orc:2    | Found Kuluinan's Magic Scroll Emporium.
 26101 | Orc:2    | Bought a scroll of blinking for 90 gold pieces
 26101 | Orc:2    | Bought a scroll of identify for 24 gold pieces
 26101 | Orc:2    | Bought a scroll of identify for 24 gold pieces
 26585 | Orc:2    | Reached XP level 17. HP: 99/113 MP: 25/25
 26586 | Orc:2    | Paralysed by an orc sorcerer for 5 turns
 26885 | Orc:2    | HP: 5/112 [demonspawn (15)]
 27012 | Orc:2    | Found Ziutorer's Jewellery Shop.
 27012 | Orc:2    | Found Omevautz's Antique Weapon Boutique.
 27013 | Orc:2    | Found a one-way gate leading to the halls of Pandemonium.
 27091 | Orc:2    | Bought a runed rapier for 210 gold pieces
 27094 | Orc:2    | Bought the ring of Temptation {rCorr AC+4} for 583 gold
                  | pieces
 27408 | Snake:1  | Entered Level 1 of the Snake Pit
 29024 | Snake:2  | Found Amarafuf's Book Shop.
 29564 | Snake:2  | Reached skill level 22 in Short Blades
 29631 | Snake:2  | Reached skill level 10 in Evocations
 30175 | Snake:2  | Found Datesyju's Antique Armour Boutique.
 30181 | Snake:2  | Bought a pair of embroidered boots for 225 gold pieces
 30201 | Snake:2  | Found Toisisiz's Antique Weapon Boutique.
 31466 | Snake:3  | Noticed Bai Suzhen
 32111 | Snake:3  | Got the Spellbook of the Congregated Tincture
 32302 | Snake:3  | Reached XP level 18. HP: 112/119 MP: 29/29
 32318 | Snake:3  | Slain by a nagaraja

Illustrated notes

Levels and vault maps discovered:
D:1:      psy_arrival_dodecagon, layout_rooms,
          chequers_ecumenical_altar_simple_redux
D:2:      layout_rooms
D:3:      layout_basic, uniq_sigmund
D:4:      minmay_razor_zed, layout_loops_ring, regret_index_temple_of_mockery,
          guppyfry_shop_venom, uniq_menkaure, uniq_edmund, uniq_duvessa
D:5:      layout_basic
D:6:      layout_gridville, minmay_temple_entry_butterflies, serial_shops,
          nicolae_shop_stone
D:7:      layout_loops_cross, nicolae_uskayaw_suspiria,
          minmay_gold_behind_fungi, nicolae_take_the_stairs,
          corexii_checkpoint_a, uniq_pikel
D:8:      layout_basic
D:9:      layout_cave_pools, minmay_lair_entry_grove, special_room
          [special_room_orc], minmay_misc_feat_cross
D:10:     layout_grid_maze, serial_shops, shop
D:11:     layout_gridville
D:12:     layout_layer_cave, erik_orc_1
D:13:     layout_basic, david_vaults_5, gauntlet_entry_generic
D:14:     layout_irregular_city, grunt_decor_fettered, grunt_ministairs_6
D:15:     grunt_enter_depths_hoard, layout_irregular_city,
          portal_ice_cave_entry_horrid_things, nicolae_sif_muna_condensation,
          nicolae_titane
Temple:   nicolae_temple_bog_church
Lair:1:   layout_concentric_octagons, serial_bayou_crossing, lemuel_fruit_tree
Lair:2:   layout_gridlike, nicolae_snake_entry_warm_welcome,
          kennysheep_abandoned_house
Lair:3:   layout_loops_ring, minmay_shoals_entry_hut, minmay_hedge_maze
Lair:4:   layout_small_grid, infiniplex_staircase_pool_2, grunt_megastairs_4,
          serial_bayou_shore_b
Lair:5:   due_jungle_book, layout_cave_pods, nicolae_slime_entry_field_trip
Snake:1:  layout_honeycomb, nicolae_snake_double_loop, grunt_ministairs_9
Snake:2:  layout_basic, serial_shops, nicolae_shop_advertising_works
          [nicolae_subvault_shop_adworks], nicolae_shop_crystal,
          serial_bayou_shore_a, minmay_shop_star
Snake:3:  layout_onion, guppyfry_snake_island, uniq_bai_suzhen
Orc:1:    layout_diamond_mine, nicolae_orc_flooded_monolith
Orc:2:    pf_orc_diabolical, layout_diamond_mine, basic_altar, roderic_batcave,
          nicolae_orc_stony_grotto

Skill      XL: |  1  2  3  4  5  6  7  8  9 10 11 12 13 14 15 16 17 |
---------------+----------------------------------------------------+-----
Short Blades   | 3 5 7 9 11 13 20 21 22 | 22.0
Dodging        | 2 3 4 5 7 8 9 11 13 14 15 16 | 16.0
Fighting       | 3 4 5 6 8 9 10 12 13 15 | 15.0
Stealth        | 6 7 8 9 11 13 15 | 15.0
Spellcasting   | 3 |  3.0
Hexes          | 4 5 |  5.0
Invocations    | 3 6 9 10 11 14 | 14.7
Evocations     | 3 4 5 8 10 | 10.0
Throwing       | |  2.1

Action                   |  1- 3 |  4- 6 |  7- 9 | 10-12 | 13-15 | 16-18 || total
-------------------------+-------+-------+-------+-------+-------+-------++-------
Melee: Dagger            |    67 |    98 |   317 |  1608 |  1705 |  1480 ||  5275
       Punch             |       |       |     3 |    33 |    40 |    40 ||   116
       Rapier            |       |       |       |       |       |   445 ||   445
Throw: Dart              |       |     9 |    26 |    84 |     2 |       ||   121
Evoke: Wand              |       |       |     6 |     9 |     7 |    15 ||    37
       Tin of tremorston |       |       |       |       |       |     2 ||     2
       Condenser vane    |       |       |       |       |       |     1 ||     1
  Use: Potion            |       |       |     2 |       |     2 |     2 ||     6
       Scroll            |       |       |       |     8 |    16 |     8 ||    32
 Stab: Sleeping          |    20 |    32 |    21 |    52 |    97 |    72 ||   294
       Distracted        |       |     1 |       |     5 |     4 |    18 ||    28
       Confused          |       |       |       |     1 |       |       ||     1
Armor: Robe              |    11 |     5 |    15 |    17 |       |       ||    48
       Troll leather arm |       |       |       |    60 |   196 |   158 ||   414
       Ring mail         |       |       |       |       |       |    84 ||    84
Dodge: Dodged            |    33 |    39 |   176 |  1592 |  1722 |  1677 ||  5239
Block: Other             |       |       |       |       |       |    68 ||    68
       Reflection        |       |       |       |       |       |    10 ||    10

Table legend: (Time is in decaauts)
 A = Elapsed time spent in this place.
 B = Non-inter-level travel time spent in this place.
 C = Inter-level travel time spent in this place.
 D = Time resting spent in this place.
 E = Time spent auto-exploring this place.
 F = Levels seen in this place.
 G = Mean time per level.
                   A        B        C        D        E       F      G
               +--------+--------+--------+--------+--------+-----+--------+
         Total |  29678 |  27542 |   2136 |   1778 |  17715 |  28 | 1059.9 |
       Dungeon |  16164 |  14698 |   1466 |    388 |  10191 |  15 | 1077.6 |
        Temple |     44 |     27 |     17 |      0 |      0 |   1 |   44.0 |
          Lair |   5567 |   5160 |    407 |     40 |   3512 |   5 | 1113.4 |
     Snake Pit |   4744 |   4655 |     89 |   1174 |   2794 |   3 | 1581.3 |
  Orcish Mines |   2220 |   2064 |    156 |     79 |   1213 |   2 | 1110.0 |
      Ice Cave |    426 |    426 |      0 |     40 |      5 |   1 |  426.0 |
      Gauntlet |    511 |    511 |      0 |     56 |      0 |   1 |  511.0 |
               +--------+--------+--------+--------+--------+-----+--------+

Top non-repeatable levels by time:
 Snake:2: 2447 daAuts
    D:12: 1796 daAuts
  Lair:5: 1771 daAuts
   Orc:2: 1751 daAuts
     D:9: 1511 daAuts
 Snake:1: 1365 daAuts
     D:4: 1340 daAuts
     D:7: 1311 daAuts
     D:5: 1230 daAuts
     D:8: 1227 daAuts
    D:10: 1203 daAuts
  Lair:3: 1124 daAuts
    D:15: 1009 daAuts
    D:13: 1005 daAuts
    D:11: 989 daAuts
